Map: Aura letal EJ

Players

Leavage - Winner!

  • Race: Terran Terran
  • League: Platinum
  • Spawn Location: 11:00

IA (Medio) 1

  • Race: Zerg Zerg
  • Spawn Location: 5:00

VOD

Have the link to the VOD?

Description

Time

  • Played on: Aug. 9, 2020, 3:11 p.m.
  • Length: 11:39
Show
View Real Time Build Order
Export as new Build Order

Leavage Terran - Winner!

Build Orders: Reaper Expand, Hellion Banshee 

Get SALT Encoding   

  12  0:00  SCV  
  13  0:12  SCV  
  14  0:18  Supply Depot  
  14  0:24  SCV  
  15  0:39  SCV  
  15  0:40  Barracks  
  16  0:44  Refinery  
  16  0:51  SCV  
  17  1:03  SCV  
  18  1:15  SCV  
  19  1:27  Reaper  
  19  1:29  Orbital Command  
  20  1:40  Command Center  
  20  1:55  SCV, Supply Depot  
  20  1:59  Marine  
  22  2:08  SCV  
  23  2:12  Factory  
  23  2:14  Refinery  
  23  2:20  SCV  
  23  2:21  Barracks Reactor  
  24  2:32  SCV  
  26  2:44  SCV  
  26  2:56  Orbital Command  
  26  3:02  SCV  
  26  3:03  Starport  
  27  3:06  Hellion x2  
  31  3:12  Supply Depot  
  31  3:14  SCV, Barracks Tech Lab  
  32  3:21  SCV  
  32  3:27  SCV  
  34  3:28  Hellion x2  
  38  3:42  SCV x2  
  38  3:46  Banshee, Cloaking Field  
  43  3:49  Hellion x2  
  43  3:54  SCV, Supply Depot  
  49  3:55  SCV  
  49  4:01  Armory  
  49  4:02  Barracks Tech Lab  
  49  4:06  SCV  
  49  4:07  SCV  
  51  4:10  Hellion  
  51  4:15  Hellion  
  51  4:16  Supply Depot  
  55  4:18  SCV  
  56  4:25  Marine  
  56  4:29  Banshee, SCV  
  56  4:30  SCV  
  62  4:32  Stimpack  
  62  4:41  SCV  
  62  4:42  SCV  
  62  4:43  Supply Depot  
  64  4:53  SCV  
  64  4:55  Factory Reactor  
  64  4:57  Command Center  
  65  5:03  Barracks  
  65  5:04  SCV  
  65  5:05  SCV  
  65  5:06  Barracks  
  67  5:14  Supply Depot  
  65  5:28  SCV x2  
  65  5:40  SCV  
  65  5:41  Starport Reactor  
  65  5:42  Supply Depot  
  62  5:57  Refinery x2  
  62  6:00  Engineering Bay  
  62  6:01  SCV, Marine  
  62  6:02  Engineering Bay  
  62  6:03  Marine x2  
  67  6:07  Supply Depot  
  65  6:11  Supply Depot  
  65  6:13  SCV  
  65  6:15  Siege Tank  
  68  6:19  Marine  
  68  6:20  Marine  
  68  6:21  SCV  
  68  6:22  Marine  
  70  6:44  SCV x2, Orbital Command  
  70  6:45  Marine x5  
  75  6:47  Siege Tank  
  75  6:48  Medivac x2  
  79  6:56  SCV, Terran Infantry Armor Level 1, Terran Infantry Weapons Level 1  
  79  6:57  SCV  
  81  7:03  Marine x2  
  83  7:13  SCV x2  
  83  7:14  Marine x3  
  88  7:18  SCV, Medivac  
  88  7:19  Siege Tank  
  88  7:21  Marine  
  95  7:30  Marine  
  95  7:31  Marine  
  95  7:32  Marine  
  98  7:42  SCV  
  98  7:43  SCV  
  98  7:44  SCV  
  101  7:45  Marine x2, Refinery  
  101  7:46  Refinery  
  101  7:48  Marine  
  101  7:49  Marine x2  
  100  7:54  Barracks  
  100  7:55  Barracks  
  100  7:56  Siege Tank  
  103  8:00  Factory  
  103  8:11  Marine x5  
  108  8:14  Medivac x2  
  108  8:15  SCV, Terran Vehicle Weapons Level 1  
  108  8:16  SCV  
  114  8:21  SCV  
  115  8:28  SCV x2  
  115  8:29  Marine x5  
  115  8:30  Supply Depot  
  115  8:31  Supply Depot  
  115  8:33  Supply Depot  
  122  8:46  Marine, Barracks Reactor x2  
  122  8:47  Marine  
  124  8:48  Factory Tech Lab  
  124  8:53  Marine x2  
  124  8:54  Terran Infantry Armor Level 2, Terran Infantry Weapons Level 2  
  124  8:55  SCV  
  118  9:13  Marine x5  
  117  9:26  Marine  
  117  9:27  Marine x3  
  117  9:29  Siege Tank  
  117  9:30  Marine  
  117  9:31  Marine x4  
  125  9:35  SCV  
  125  9:36  SCV x2  
  132  9:43  Supply Depot x2  
  132  9:44  Supply Depot, Marine x2  
  132  9:45  Marine x2  
  136  9:47  SCV  
  136  9:48  Marine, Command Center  
  136  9:49  Marine x2  
  137  10:06  Marine x2  
  138  10:07  Marine x7  
  145  10:19  SCV  
  145  10:20  SCV x2  
  148  10:24  Marine x3  
  151  10:36  Marine x6  
  151  10:39  Medivac, Siege Tank x2  
  151  10:40  Medivac  
  151  10:42  Marine x3  
  169  10:44  Supply Depot  
  170  10:54  Marine  
  171  10:58  Supply Depot  
  171  11:01  Supply Depot  
  171  11:02  Supply Depot  
  171  11:04  Supply Depot  
  171  11:07  Supply Depot  
  171  11:09  Marine x4  
  171  11:10  Marine x4  
  179  11:11  Widow Mine  
  179  11:12  Marine  
Show
View Real Time Build Order
Export as new Build Order

IA (Medio) 1 Zerg 

Build Orders: 1 Base Baneling Bust, Pool First 

Get SALT Encoding   

  12  0:01  Drone  
  13  0:12  Overlord  
  13  0:16  Drone  
  14  0:30  Drone  
  14  0:33  Drone  
  16  0:43  Spawning Pool  
  16  0:45  Drone  
  16  0:49  Drone  
  17  0:51  Extractor  
  17  0:55  Drone  
  17  1:06  Overlord  
  17  1:30  Queen  
  17  1:31  Zergling x2  
  20  1:35  Roach Warren  
  20  1:38  Drone  
  20  1:40  Zergling x2  
  20  1:41  Extractor  
  20  1:49  Drone  
  21  2:00  Drone  
  22  2:10  Overlord  
  22  2:21  Roach  
  24  2:32  Roach  
  27  2:37  Drone  
  27  2:41  Roach  
  27  2:43  Overlord  
  29  2:48  Drone  
  30  2:54  Drone  
  31  3:05  Drone  
  32  3:06  Baneling Nest  
  32  3:09  Drone, Roach  
  32  3:12  Drone  
  35  3:17  Drone  
  36  3:28  Roach  
  36  3:29  Evolution Chamber  
  37  3:38  Drone  
  38  3:42  Overlord  
  38  3:43  Roach  
  40  5:04  Drone, Overlord, Lair  
  40  5:06  Spore Crawler  
  39  5:07  Drone  
  39  5:08  Zergling x2, Spore Crawler  
  39  5:10  Drone  
  39  5:13  Drone  
  41  5:22  Evolution Chamber  
  41  5:24  Drone  
  37  5:29  Roach  
  37  5:40  Roach  
  32  5:50  Zergling x2  
  31  5:57  Spine Crawler  
  31  6:01  Overseer, Queen, Roach  
  31  6:02  Overseer  
  31  6:03  Hydralisk Den  
  31  6:04  Drone  
  34  6:05  Infestation Pit  
  34  6:06  Spire  
  34  6:07  Drone  
  34  6:09  Drone  
  32  6:12  Roach  
  33  6:22  Roach  
  35  6:32  Drone  
  33  6:33  Roach  
  35  6:44  Zergling x2  
  34  6:55  Roach  
  34  6:56  Hatchery  
  34  7:00  Drone, Spine Crawler  
  35  7:05  Roach  
  35  7:06  Queen  
  39  7:15  Hydralisk  
  41  7:26  Drone, Hydralisk  
  41  7:29  Drone  
  41  7:32  Drone  
  41  7:35  Drone  
  41  7:37  Hydralisk  
  40  7:45  Queen  
  40  7:48  Hydralisk  
  44  7:59  Roach  
  46  8:08  Drone, Queen  
  46  8:10  Spore Crawler  
  46  8:11  Drone  
  49  8:13  Spore Crawler  
  49  8:14  Drone, Spore Crawler  
  48  8:20  Drone  
  48  8:23  Drone  
  48  8:26  Drone  
  51  8:30  Drone  
  51  8:32  Drone  
  53  8:35  Drone  
  53  8:38  Drone  
  55  8:42  Drone  
  55  8:44  Drone  
  55  8:47  Drone  
  58  8:50  Drone  
  58  8:53  Drone  
  60  8:57  Drone  
  60  8:59  Overlord  
  60  9:01  Drone  
  62  9:05  Drone  
  48  9:12  Drone  
  48  9:14  Drone  
  30  9:17  Drone  
  30  9:23  Drone  
  19  9:30  Drone  
  16  9:36  Drone  
  17  9:42  Drone  
  17  9:48  Drone  
  18  9:53  Drone  
  17  10:00  Drone  
  17  10:06  Drone  
  18  10:11  Drone  
  19  10:16  Drone  
  16  10:36  Drone  
  16  10:41  Drone  
  13  10:44  Drone  
  13  10:58  Drone  
  13  11:03  Drone  
  11  11:06  Drone  
  5  11:14  Drone  
  5  11:18  Hydralisk Den  
Tags
 
Add a new tag
Caveats
  • Supply blocks, unpowered buildings, or Contaminate may cause inaccurate times.
  • Supply counts are checked every 10 seconds.